AoeStats
← nathanyeung

Arabia

504778276Analyzed
1v1 RM · 25d ago on Sep 6, 2026· 47m 30s· 2 players
Game mode
Random Map
Map size
Tiny (2 player)
Population
200
Speed
Normal
Resources
Standard
Victory
Conquest
Starting age
Dark Age
Ending age
Imperial Age
RankedLock teamsTeams togetherTeam positionsShared explorationLock speedFull tech treeHidden civsTurbo modeCheats
Victory
Defeat
🇭🇰 Saracens · Hong Kong SAR China
718
+17
🇫🇷 Franks · France
741
-38
nathanyeung
12:24 Feudal Age
15:40 Loom
18:27 Castle Age
16:22 Double-Bit Axe
17:34 Forging
18:48 Scale Mail Armor
23:15 Bow Saw
22:31 Pikeman
23:49 Iron Casting
25:50 Stone Mining
30:05 Squires
30:53 Wheelbarrow
32:51 Chain Mail Armor
33:01 Hand Cart
32:35 Town Watch
34:55 Gold Mining
38:59 Imperial Age
36:28 Fletching
37:50 Scale Barding Armor
39:57 Bloodlines
39:48 Husbandry
41:13 Blast Furnace
40:33 Chain Barding Armor
42:38 Conscription
45:46 Plate Barding Armor
45:07 Bodkin Arrow
Goualman
7:33 Loom
9:45 Feudal Age
10:34 Double-Bit Axe
18:42 Wheelbarrow
19:08 Wheelbarrow
18:46 Forging
22:31 Castle Age
20:50 Gold Mining
20:50 Stone Mining
23:31 Hand Cart
24:07 Husbandry
27:57 Iron Casting
30:30 Scale Barding Armor
31:09 Man-at-Arms
34:50 Imperial Age
33:37 Chain Barding Armor
33:21 Man-at-Arms
35:42 Cavalier
37:25 Blast Furnace
36:49 Long Swordsman
40:55 Plate Barding Armor
40:09 Pikeman
41:59 #83
43:23 Halberdier
45:53 Chemistry
45:13 Ballistics
Connection lost

Rejoining the realm…

Still unreachable

The connection could not be restored.

Session expired

The server has moved on; the page needs a fresh start.